[ AOE2 MATCH · #483162633 ]
1v1 RMChinese vs Mongols
Player's team · LOSS
Rival team · WIN
[ REPLAY ANALYSIS · EXTRACTED FROM THE RECORDED GAME ]
Feudal
13:22
Castle
17:21
Imperial
36:35
| APM avg | 54.1 |
| APM peak | 105 |
| eAPM avg | 34.6 |
| Villagers / military | 213 / 286 |
Focus
⚔️ 29.3% · 🌾 70.7%
Spearman ×109 · Skirmisher ×66 · Fire Lancer ×51 · Knight ×18 · Scout Cavalry ×15 · Chu Ko Nu ×14
Feudal
9:59
Castle
20:53
Imperial
33:48
| APM avg | 51.8 |
| APM peak | 186 |
| eAPM avg | 19.9 |
| Villagers / military | 159 / 468 |
Focus
⚔️ 29.5% · 🌾 70.5%
Scout Cavalry ×364 · Mangudai ×56 · Battering Ram ×21 · Scorpion ×16 · Camel Scout ×5 · Trebuchet (Packed) ×5
Match map
Initial resources + every placement click. Lines = walls · curves = elevation contours. ◆ gold · ⬟ stone · ● berries · ✦ relic · ◌ wall gap
Your base· Open — 5t gap
gg.granag's base· ✓ Closed at 20:53 · 25t walls · no gate
Smoothed initial terrain · ◌ = detected wall gap · hover for details
Inputs per minute
— 2491kids - - gg.granag
Build order — 2491kids
First 150 of 688 actions detected
| 0:00 | Research | Loom |
| 0:47 | Create | Villager (Male) |
| 0:48 | Create | Villager (Male) |
| 1:21 | Create | Villager (Male) |
| 1:52 | Build | Lumber Camp |
| 1:53 | Create | Villager (Male) |
| 1:53 | Create | Villager (Male) |
| 2:22 | Create | Villager (Male) |
| 2:44 | Create | Villager (Male) |
| 3:10 | Create | Villager (Male) |
| 3:16 | Build | House |
| 3:27 | Create | Villager (Male) |
| 3:57 | Build | Mill |
| 4:13 | Create | Villager (Male) |
| 4:34 | Create | Villager (Male) |
| 5:01 | Create | Villager (Male) |
| 5:19 | Create | Villager (Male) |
| 5:34 | Create | Villager (Male) |
| 5:34 | Create | Villager (Male) |
| 6:00 | Build | House |
| 6:03 | Create | Villager (Male) |
| 6:04 | Create | Villager (Male) |
| 6:21 | Create | Villager (Male) |
| 6:33 | Build | Mill |
| 6:52 | Build | Mining Camp |
| 7:40 | Build | Palisade Gate |
| 7:53 | Create | Villager (Male) |
| 8:00 | Build | Palisade Gate |
| 8:02 | Build | House |
| 8:05 | Build | Palisade Wall |
| 8:07 | Build | Palisade Wall |
| 8:20 | Create | Villager (Male) |
| 8:23 | Build | Farm |
| 8:23 | Build | Farm |
| 8:24 | Build | Farm |
| 8:30 | Build | Farm |
| 8:42 | Build | House |
| 8:52 | Create | Villager (Male) |
| 8:53 | Create | Villager (Male) |
| 8:55 | Build | Farm |
| 8:59 | Build | House |
| 9:12 | Build | Farm |
| 9:32 | Build | House |
| 9:35 | Build | House |
| 9:39 | Build | Farm |
| 10:05 | Build | Farm |
| 10:08 | Create | Villager (Male) |
| 10:14 | Build | Palisade Wall |
| 10:18 | Build | Palisade Wall |
| 10:21 | Build | House |
| 10:27 | Build | Palisade Wall |
| 10:29 | Build | Palisade Wall |
| 10:30 | Build | Palisade Wall |
| 10:35 | Build | Palisade Wall |
| 10:36 | Create | Villager (Male) |
| 10:43 | Build | Palisade Wall |
| 10:44 | Build | Palisade Wall |
| 10:52 | Build | Palisade Wall |
| 10:58 | Build | Farm |
| 11:02 | Build | Palisade Wall |
| 11:04 | Build | Palisade Wall |
| 11:09 | Build | Farm |
| 11:12 | Research | Feudal Age |
| 11:21 | Build | Palisade Wall |
| 12:51 | Build | Palisade Wall |
| 12:54 | Build | House |
| 12:55 | Build | House |
| 12:59 | Build | Palisade Wall |
| 13:12 | Create | Villager (Male) |
| 13:12 | Create | Villager (Male) |
| 13:22 | Age | Feudal Age |
| 13:34 | Build | Market |
| 13:43 | Build | Blacksmith |
| 13:49 | Build | House |
| 13:50 | Build | Palisade Wall |
| 13:54 | Build | Palisade Wall |
| 13:55 | Build | Palisade Wall |
| 13:57 | Build | Palisade Wall |
| 13:59 | Build | Palisade Wall |
| 14:02 | Build | House |
| 14:07 | Build | Palisade Wall |
| 14:18 | Build | Farm |
| 14:19 | Build | Farm |
| 14:37 | Build | Palisade Wall |
| 14:39 | Build | Palisade Wall |
| 14:41 | Research | Castle Age |
| 15:02 | Build | Palisade Gate |
| 15:08 | Build | Palisade Gate |
| 15:14 | Build | Palisade Wall |
| 15:15 | Build | Palisade Wall |
| 15:17 | Build | Palisade Wall |
| 15:19 | Build | Palisade Wall |
| 15:20 | Build | Palisade Wall |
| 15:21 | Build | Palisade Wall |
| 15:28 | Build | Palisade Wall |
| 15:35 | Create | Villager (Male) |
| 15:35 | Create | Villager (Male) |
| 15:57 | Build | Barracks |
| 16:31 | Build | Palisade Wall |
| 16:37 | Build | House |
| 17:05 | Build | Stable |
| 17:21 | Age | Castle Age |
| 17:43 | Create | Knight |
| 17:43 | Create | Knight |
| 17:50 | Build | House |
| 18:01 | Create | Villager (Male) |
| 18:21 | Build | Town Center |
| 19:03 | Build | Palisade Wall |
| 19:07 | Build | Palisade Wall |
| 19:09 | Build | Palisade Wall |
| 19:10 | Build | Palisade Wall |
| 19:14 | Create | Villager (Male) |
| 19:14 | Create | Villager (Male) |
| 19:27 | Create | Villager (Male) |
| 19:27 | Create | Villager (Male) |
| 19:43 | Create | Knight |
| 19:43 | Create | Knight |
| 19:45 | Build | Farm |
| 20:13 | Create | Villager (Male) |
| 20:15 | Build | Farm |
| 20:18 | Create | Knight |
| 20:28 | Create | Villager (Male) |
| 20:28 | Create | Villager (Male) |
| 20:29 | Create | Villager (Male) |
| 20:47 | Create | Villager (Male) |
| 20:48 | Create | Knight |
| 20:58 | Create | Villager (Male) |
| 21:08 | Build | Farm |
| 21:43 | Create | Villager (Male) |
| 21:44 | Create | Villager (Male) |
| 21:44 | Create | Villager (Male) |
| 21:45 | Create | Villager (Male) |
| 22:01 | Build | Palisade Wall |
| 22:24 | Build | Monastery |
| 22:28 | Create | Villager (Male) |
| 22:30 | Create | Villager (Male) |
| 22:37 | Build | Palisade Wall |
| 22:38 | Create | Villager (Male) |
| 22:39 | Create | Villager (Male) |
| 22:42 | Research | Double-Bit Axe |
| 22:42 | Research | Double-Bit Axe |
| 22:49 | Build | Lumber Camp |
| 23:01 | Create | Villager (Male) |
| 23:16 | Build | Mining Camp |
| 23:18 | Create | Villager (Male) |
| 23:19 | Create | Villager (Male) |
| 23:33 | Create | Monk |
| 23:34 | Create | Monk |
| 23:42 | Build | Farm |
| 23:44 | Create | Villager (Male) |
Build order — gg.granag
First 150 of 514 actions detected
| 0:02 | Create | Villager (Male) ×4 |
| 0:02 | Create | Villager (Male) ×4 |
| 0:03 | Build | House |
| 0:04 | Build | House |
| 1:24 | Create | Villager (Male) |
| 1:25 | Create | Villager (Male) |
| 1:47 | Build | Lumber Camp |
| 2:08 | Create | Villager (Male) |
| 2:08 | Create | Villager (Male) |
| 2:08 | Create | Villager (Male) |
| 2:29 | Create | Villager (Male) |
| 2:29 | Create | Villager (Male) |
| 2:56 | Create | Villager (Male) |
| 2:56 | Create | Villager (Male) |
| 3:23 | Create | Villager (Male) |
| 3:24 | Create | Villager (Male) |
| 3:45 | Create | Villager (Male) |
| 3:45 | Create | Villager (Male) |
| 4:05 | Create | Villager (Male) |
| 4:05 | Create | Villager (Male) |
| 4:05 | Create | Villager (Male) |
| 4:42 | Build | House |
| 4:45 | Research | Loom |
| 4:45 | Research | Loom |
| 4:57 | Create | Villager (Male) ×3 |
| 4:57 | Create | Villager (Male) ×3 |
| 5:46 | Create | Villager (Male) |
| 5:47 | Create | Villager (Male) |
| 5:47 | Create | Villager (Male) |
| 5:47 | Create | Villager (Male) |
| 5:53 | Build | House |
| 6:08 | Build | Mill |
| 6:11 | Create | Villager (Male) |
| 6:12 | Create | Villager (Male) |
| 6:12 | Create | Villager (Male) |
| 6:40 | Create | Villager (Male) |
| 6:41 | Create | Villager (Male) |
| 6:41 | Create | Villager (Male) |
| 6:41 | Create | Villager (Male) |
| 7:49 | Research | Feudal Age |
| 8:01 | Build | Barracks |
| 9:52 | Build | Mill |
| 9:59 | Age | Feudal Age |
| 10:04 | Build | Stable |
| 10:08 | Create | Villager (Male) |
| 10:08 | Create | Villager (Male) |
| 10:22 | Research | Double-Bit Axe |
| 10:48 | Build | Farm |
| 10:50 | Build | Farm |
| 10:52 | Research | Bloodlines |
| 10:52 | Create | Scout Cavalry ×5 |
| 10:58 | Build | House |
| 11:08 | Create | Villager (Male) |
| 11:18 | Build | Farm |
| 11:30 | Build | Farm |
| 11:38 | Create | Villager (Male) |
| 11:49 | Build | Farm |
| 12:04 | Build | Farm |
| 12:05 | Create | Villager (Male) |
| 12:07 | Create | Villager (Male) |
| 12:17 | Build | Farm |
| 12:26 | Build | House |
| 12:29 | Build | House |
| 12:34 | Create | Villager (Male) |
| 12:40 | Build | Farm |
| 12:46 | Build | Farm |
| 12:48 | Create | Scout Cavalry |
| 13:06 | Build | Farm |
| 13:07 | Create | Villager (Male) |
| 13:13 | Build | Palisade Wall |
| 13:18 | Create | Scout Cavalry |
| 13:34 | Create | Villager (Male) |
| 13:36 | Build | Farm |
| 13:38 | Build | Farm |
| 13:39 | Create | Villager (Male) |
| 14:17 | Create | Scout Cavalry |
| 14:47 | Create | Villager (Male) |
| 14:48 | Create | Villager (Male) |
| 14:51 | Build | Farm |
| 14:53 | Build | Farm |
| 14:59 | Build | Mining Camp |
| 15:00 | Create | Villager (Male) |
| 15:06 | Build | Blacksmith |
| 15:30 | Create | Villager (Male) |
| 16:25 | Create | Villager (Male) |
| 16:27 | Build | Farm |
| 16:28 | Research | Scale Barding Armor |
| 16:33 | Research | Wheelbarrow |
| 16:33 | Research | Wheelbarrow |
| 16:55 | Create | Villager (Male) |
| 17:07 | Build | House |
| 17:07 | Build | House |
| 18:06 | Build | House |
| 18:12 | Research | Castle Age |
| 19:14 | Build | House |
| 19:17 | Build | House |
| 19:27 | Build | House |
| 19:28 | Build | Palisade Wall |
| 19:36 | Build | Palisade Wall |
| 19:48 | Research | Forging |
| 20:02 | Build | House |
| 20:07 | Create | Villager (Male) |
| 20:07 | Create | Villager (Male) |
| 20:10 | Build | Farm |
| 20:12 | Build | Farm |
| 20:26 | Build | House |
| 20:35 | Research | Gold Mining |
| 20:42 | Build | Farm |
| 20:46 | Research | Horse Collar |
| 20:53 | Age | Castle Age |
| 20:56 | Build | Farm |
| 20:59 | Create | Camel Scout |
| 20:59 | Create | Camel Scout |
| 21:05 | Create | Villager (Male) |
| 21:27 | Build | Town Center |
| 21:55 | Create | Camel Scout |
| 21:59 | Create | Villager (Male) |
| 22:33 | Create | Knight |
| 22:33 | Create | Camel Scout |
| 22:35 | Create | Camel Scout |
| 22:37 | Create | Villager (Male) |
| 22:37 | Create | Villager (Male) |
| 22:37 | Create | Villager (Male) |
| 22:45 | Build | Farm |
| 22:45 | Build | Farm |
| 22:50 | Create | Villager (Male) |
| 22:51 | Create | Villager (Male) |
| 22:51 | Create | Villager (Male) |
| 23:29 | Build | Farm |
| 23:32 | Create | Villager (Male) |
| 23:58 | Build | Farm |
| 24:00 | Build | Farm |
| 24:04 | Build | Farm |
| 24:14 | Create | Villager (Male) |
| 24:15 | Create | Villager (Male) |
| 24:15 | Create | Villager (Male) |
| 24:19 | Build | Farm |
| 24:30 | Build | Farm |
| 24:32 | Create | Villager (Male) |
| 24:33 | Create | Villager (Male) |
| 25:00 | Create | Villager (Male) |
| 25:00 | Create | Villager (Male) |
| 25:10 | Build | Town Center |
| 25:12 | Create | Villager (Male) |
| 25:14 | Create | Villager (Male) |
| 25:29 | Build | House |
| 25:30 | Build | House |
| 25:31 | Build | House |
| 25:35 | Create | Villager (Male) |
| 25:42 | Build | Farm |
Match timeline
| 8:01 | gg.granag · first_building Barracks |
| 8:05 | 2491kids · wall_segment Palisade Wall x1 |
| 8:07 | 2491kids · wall_segment Palisade Wall x1 |
| 9:59 | gg.granag · age_up feudal |
| 10:04 | gg.granag · first_building Stable |
| 10:14 | 2491kids · wall_segment Palisade Wall x4 |
| 10:18 | 2491kids · wall_segment Palisade Wall x1 |
| 10:27 | 2491kids · wall_segment Palisade Wall x1 |
| 10:29 | 2491kids · wall_segment Palisade Wall x1 |
| 10:30 | 2491kids · wall_segment Palisade Wall x1 |
| 10:35 | 2491kids · wall_segment Palisade Wall x1 |
| 10:43 | 2491kids · wall_segment Palisade Wall x1 |
| 10:44 | 2491kids · wall_segment Palisade Wall x1 |
| 10:52 | 2491kids · wall_segment Palisade Wall x1 |
| 11:02 | 2491kids · wall_segment Palisade Wall x1 |
| 11:04 | 2491kids · wall_segment Palisade Wall x1 |
| 11:21 | 2491kids · wall_segment Palisade Wall x1 |
| 12:51 | 2491kids · wall_segment Palisade Wall x6 |
| 12:59 | 2491kids · wall_segment Palisade Wall x1 |
| 13:13 | gg.granag · wall_segment Palisade Wall x10 |
| 13:22 | 2491kids · age_up feudal |
| 13:50 | 2491kids · wall_segment Palisade Wall x1 |
| 13:54 | 2491kids · wall_segment Palisade Wall x1 |
| 13:55 | 2491kids · wall_segment Palisade Wall x1 |
| 13:57 | 2491kids · wall_segment Palisade Wall x1 |
| 13:59 | 2491kids · wall_segment Palisade Wall x1 |
| 14:07 | 2491kids · wall_segment Palisade Wall x1 |
| 14:37 | 2491kids · wall_segment Palisade Wall x1 |
| 14:39 | 2491kids · wall_segment Palisade Wall x1 |
| 15:14 | 2491kids · wall_segment Palisade Wall x1 |
| 15:15 | 2491kids · wall_segment Palisade Wall x1 |
| 15:17 | 2491kids · wall_segment Palisade Wall x1 |
| 15:19 | 2491kids · wall_segment Palisade Wall x1 |
| 15:20 | 2491kids · wall_segment Palisade Wall x1 |
| 15:21 | 2491kids · wall_segment Palisade Wall x1 |
| 15:28 | 2491kids · wall_segment Palisade Wall x1 |
| 15:57 | 2491kids · first_building Barracks |
| 16:31 | 2491kids · wall_segment Palisade Wall x1 |
| 17:02 | 2491kids · first_market_sell 100 food |
| 17:03 | 2491kids · first_market_buy 100 wood |
| 17:05 | 2491kids · first_building Stable |
| 17:21 | 2491kids · age_up castle |
| 19:03 | 2491kids · wall_segment Palisade Wall x1 |
| 19:07 | 2491kids · wall_segment Palisade Wall x1 |
| 19:09 | 2491kids · wall_segment Palisade Wall x1 |
| 19:10 | 2491kids · wall_segment Palisade Wall x1 |
| 19:28 | gg.granag · wall_segment Palisade Wall x1 |
| 19:36 | gg.granag · wall_segment Palisade Wall x14 |
| 20:53 | gg.granag · age_up castle |
| 22:01 | 2491kids · wall_segment Palisade Wall x4 |
| 22:24 | 2491kids · first_building Monastery |
| 22:37 | 2491kids · wall_segment Palisade Wall x7 |
| 23:57 | 2491kids · wall_segment Palisade Wall x1 |
| 24:03 | 2491kids · wall_segment Palisade Wall x1 |
| 24:16 | 2491kids · wall_segment Palisade Wall x8 |
| 24:26 | 2491kids · wall_segment Palisade Wall x1 |
| 24:27 | 2491kids · wall_segment Palisade Wall x1 |
| 24:30 | 2491kids · wall_segment Palisade Wall x5 |
| 28:24 | gg.granag · first_building Castle |
| 33:34 | 2491kids · first_building Castle |
| 33:42 | gg.granag · first_building Archery Range |
| 33:48 | gg.granag · age_up imperial |
| 33:52 | 2491kids · wall_segment Stone Wall x1 |
| 33:55 | 2491kids · wall_segment Stone Wall x7 |
| 34:20 | 2491kids · wall_segment Stone Wall x2 |
| 34:29 | 2491kids · wall_segment Stone Wall x7 |
| 34:34 | 2491kids · wall_segment Stone Wall x6 |
| 34:38 | 2491kids · wall_segment Stone Wall x3 |
| 35:41 | 2491kids · first_building Archery Range |
| 36:35 | 2491kids · age_up imperial |
| 40:44 | 2491kids · wall_segment Stone Wall x13 |
| 41:13 | 2491kids · wall_segment Stone Wall x7 |
| 50:18 | 2491kids · wall_segment Stone Wall x8 |
| 51:34 | gg.granag · first_building Siege Workshop |
| 52:12 | 2491kids · wall_segment Stone Wall x10 |
| 54:08 | 2491kids · wall_segment Stone Wall x12 |
| 59:23 | 2491kids · first_building Siege Workshop |
| 60:15 | 2491kids · resign |
[ AI ANALYSIS · 1 CREDIT ]
What really happened in this match?
Wolo.gg analyzes every decision: build order, eco, micro, common mistakes by bracket. Personalized analysis on WhatsApp or Discord in 30 seconds.
Civ guide
Chinese
Map guide
Arabia
Perfil
Jugador #1288922